 Dungeon Crawl Stone Soup version 0.24.1-8-ga250c9d538 (webtiles) character file.

Game seed: 5784079152971673697, levelgen mode: deterministic

173 Peloso the Shield-Bearer (level 5, 41/41 HPs)
             Began as a Demonspawn Fighter on May 9, 2020.
             Got out of the dungeon alive.
             The game lasted 00:02:56 (1170 turns).

Peloso the Shield-Bearer (Demonspawn Fighter)       Turns: 1170, Time: 00:02:56

Health: 41/41      AC: 11    Str: 17    XL:     5   Next: 28%
Magic:  5/5        EV:  5    Int: 10    God:
Gold:   100        SH:  9    Dex: 12    Spells: 4/4 levels left

rFire    + . .     SeeInvis .   a - +0 long sword
rCold    . . .     Gourm    .   c - +0 shield
rNeg     . . .     Faith    .   e - +0 plate armour
rPois    .         Spirit   +   (helmet restricted)
rElec    .         Reflect  .   (no cloak)
rCorr    +         Harm     .   (no gloves)
MR       .....                  (no boots)
Stlth    ..........             (no amulet)
HPRegen  0.13/turn              m - ring of resist corrosion
MPRegen  0.09/turn              (no ring)

@: no status effects
A: horns 1, repulsion field 1, fire resistance 1, magic shield, rot immunity
a: no special abilities


You escaped.
You were hungry.

You visited 1 branch of the dungeon, and saw 2 of its levels.

You collected 100 gold pieces.

Inventory:

Hand Weapons
 a - a +0 long sword (weapon)
Armour
 b - a +0 scale mail
 c - a +0 shield (worn)
 e - a +0 plate armour (worn)
Jewellery
 m - a ring of resist corrosion (left hand)
 r - a cursed ring of attention {unknown}
Scrolls
 d - a scroll of amnesia {unknown}
 g - 3 scrolls of teleportation {unknown}
 i - a scroll of random uselessness {unknown}
 j - 2 scrolls of identify {unknown}
 l - 3 scrolls of magic mapping {unknown}
 n - a scroll of immolation {unknown}
Potions
 k - a potion of brilliance {unknown}
 o - a potion of resistance {unknown}
 p - 2 potions of berserk rage {unknown}
 q - 2 potions of curing {unknown}
Comestibles
 f - 7 rations


   Skills:
 + Level 3.4 Fighting
 + Level 3.0 Long Blades
 + Level 3.4 Armour
 + Level 0.3 Dodging
 + Level 3.9 Shields


You had 4 spell levels left.
You didn't know any spells.
Your spell library was empty.

Dungeon Overview and Level Annotations

Branches:
Dungeon (2/15)

Altars:
Dithmenos


Innate Abilities, Weirdness & Mutations

You are surrounded by a mild repulsion field. (EV +2)
When hurt, damage is shared between your health and your magic reserves.
You are immune to rotting.
You have a pair of small horns on your head.
Your flesh is heat resistant. (rF+)


Message History

Your urge to shout disappears.
A pair of horns grows on your head!
(D) Dungeon
Where to? (Enter - D:12, ? - help)
What level of the Dungeon? (default 1, ? - help)
You see here a kobold corpse.
You are feeling hungry.
(D) Dungeon
Where to? (Enter - D:1 @ (x,y), ? - help)
There is a stone staircase leading up here.
You climb upwards.
There is a stone staircase leading down here.
You see here a +0 club.
You open the door.
There is an open door here.
You open the door.
There is an open door here.
There is an escape hatch in the floor here.
There is a staircase leading out of the dungeon, spattered with blood here.
Are you sure you want to leave the Dungeon?
This will make you lose the game!
You have escaped!

#...............................)
####.........................#...
#.#....(..................#.##
##.#.........................#
#..#..########+########......##
#.##..####.........####...#...#
#.##..##...⌠.........##...#....
#.##..#..⌠...#'#......#...##...
##.##..+.....##@##.....'...###..
##..##..+.....##>##..)..'...###..
........#......#'#...⌠..#.......#
.....)..##.........⌠)..##...###.#
........####.........####...# #..
........########'########...# ##.
............................# #.
............................# #.
......#####...##............# ##


There were no monsters in sight!

Vanquished Creatures
  A hungry ghost (D:2)
  3 dart slugs
  4 giant cockroaches
  3 goblins (D:2)
  3 hobgoblins
  4 jackals (D:1)
  A quokka (D:2)
  5 bats
  6 frilled lizards
  9 kobolds
  2 rats (D:2)
41 creatures vanquished.

Notes
Turn   | Place    | Note
-------+----------+-------------------------------------------
     0 | D:1      | Peloso the Demonspawn Fighter began the quest for the Orb.
     0 | D:1      | Reached XP level 1. HP: 18/18 MP: 1/1
    29 | D:1      | Gained mutation: You are surrounded by a mild repulsion
                  | field. (EV +2) [demonic ancestry]
    29 | D:1      | Reached XP level 2. HP: 16/24 MP: 2/2
   561 | D:2      | Gained mutation: You are immune to rotting. [demonic
                  | ancestry]
   561 | D:2      | Reached XP level 3. HP: 29/29 MP: 3/3
   772 | D:2      | Noticed a hungry ghost
   780 | D:2      | Killed a hungry ghost
   780 | D:2      | Gained mutation: When hurt, damage is shared between your
                  | health and your magic reserves. [demonic ancestry]
   780 | D:2      | Reached XP level 4. HP: 28/35 MP: 4/4
   780 | D:2      | Reached XP level 5. HP: 33/41 MP: 5/5
   951 | D:2      | Found a shadowy altar of Dithmenos.
  1090 | D:2      | Gained mutation: Your flesh is heat resistant. (rF+)
                  | [potion of mutation]
  1090 | D:2      | Gained mutation: You occasionally shout uncontrollably at
                  | your foes. [potion of mutation]
  1090 | D:2      | Lost mutation: You occasionally shout uncontrollably at
                  | your foes. [potion of mutation]
  1090 | D:2      | Gained mutation: You have a pair of small horns on your
                  | head. [potion of mutation]
  1170 | D:$      | Got out of the dungeon alive.

Levels and vault maps discovered:
D:1:      dpeg_arrival_refuge, layout_rooms
D:2:      layout_basic, nicolae_overflow_crystal_walls, first_ration,
          minmay_fractal_squares_5

Skill      XL: |  1  2  3  4  5 |
---------------+----------------+-----
Shields        | 3 |  3.9
Armour         | 3 |  3.4
Long Blades    | 2 3 |  3.0
Fighting       | |  3.4
Dodging        | |  0.3

Action                   |  1- 3 |  4- 6 || total
-------------------------+-------+-------++-------
Melee: Long sword        |   154 |    19 ||   173
  Use: Potion            |     1 |     1 ||     2
  Eat: Chunk             |       |     2 ||     2
Armor: Scale mail        |    19 |       ||    19
       Plate armour      |   110 |     9 ||   119
Dodge: Dodged            |    43 |     2 ||    45
Block: Shield            |    93 |    11 ||   104
       Rpst.: Long sword |    16 |     1 ||    17
